 Dungeon Sprint DCSS version 0.28-a0-425-gd0eccab798 (webtiles) character file.

Game seed: 5236036125194589108

625 Conn the Arsonist (level 7, -24/41 HPs)
             Began as an Octopode Fire Elementalist on Sept 9, 2021.
             Killed by an exploding Menkaure (39 damage)
             ... ignited by their inner flame
             ... in the Dungeon (Sprint II: "The Violet Keep of Menkaure").
             The game lasted 00:03:43 (111 turns).

Conn the Arsonist (Octopode Fire Elementalist)       Turns: 111, Time: 00:03:43

Health: -24/41     AC:  1    Str:  7    XL:     7   Next: 47%
Magic:  2/14       EV: 14    Int: 19    God:
Gold:   486        SH:  0    Dex: 13    Spells: 5/16 levels left

rFire   . . .      SeeInvis .   (no weapon)
rCold   . . .      Faith    .   (no shield)
rNeg    . . .      Spirit   .   (helmet restricted)
rPois   .          Reflect  .   (no amulet)
rElec   .          Harm     .   (no ring)
rCorr   .          Rampage  .   (no ring)
Will    .....      NoTele   +   (no ring)
Stlth   ++++......              (no ring)
HPRegen 0.13/turn               (no ring)
MPRegen 0.14/turn               (no ring)
                                (no ring)
                                (no ring)

@: no status effects
A: almost no armour, amphibious, 8 rings, camouflage 1, gelatinous body 1,
(nimble swimmer 1), tentacles
a: no special abilities


You were in the Dungeon.
You visited 1 branch You collected 486 gold pieces.

Inventory:

Scrolls
 f - a scroll of blinking
Potions
 a - a potion of curing
 b - a potion of heal wounds
 d - 2 potions of magic


   Skills:
 + Level 4.4 Dodging
 + Level 6.0 Stealth
 + Level 5.3 Spellcasting
 * Level 5.7 Conjurations
 + Level 0.1 Hexes
 * Level 12.4 Fire Magic


You had 5 spell levels left.
You knew the following spells:

 Your Spells              Type           Power      Damage    Failure   Level
a - Foxfire               Conj/Fire      100%       2x1d9     1%          1
b - Conjure Flame         Conj/Fire      39%        6-21      1%          3
c - Inner Flame           Hex/Fire       29%        N/A       2%          3
d - Flame Wave            Conj/Fire      39%        3d8       2%          4

Your spell library contained the following spells:

 Spells                   Type           Power      Damage    Failure   Level
 Scorch                   Fire           100%       2d10      1%          2


Dungeon Overview and Level Annotations

Branches:
Dungeon (1/1)

Altars:


Innate Abilities, Weirdness & Mutations

You cannot wear most types of armour.
You are amphibious.
You can wear up to eight rings at the same time.
Your skin changes colour to match your surroundings (Stealth+).
Your rubbery body absorbs attacks. (AC +1, EV +1)
((You are camouflaged near water. (Stealth+)))
You have tentacles for arms and can constrict up to eight enemies at once.


Message History

Menkaure seems to speed up.
Casting: Inner Flame (dangerous; 2% risk of failure)
Confirm with . or Enter, or press ? or * to list all spells.
You conjure some foxfire!
Unknown command.
Your foxfire dissipates!
The foxfire hits Menkaure but does no damage.
Unknown command.
Casting: Foxfire (safe; 1% risk of failure)
Confirm with . or Enter, or press ? or * to list all spells.
You conjure some foxfire!
Menkaure gestures at you while chanting.
Pain shoots through your body!
Unknown command.
The foxfire hits Menkaure.
Menkaure is burned terribly!
Flame seeps out of Menkaure.
Menkaure is lightly damaged.
The foxfire hits Menkaure.
Menkaure is burned terribly!
Flame seeps out of Menkaure.
Menkaure is moderately damaged.
Menkaure is engulfed in blazing flames.
Flame seeps out of Menkaure.
Menkaure's bandages flutter.
There is an open door here.
You see here a necrophage corpse.
Menkaure completely misses you.
Menkaure calls on the powers of darkness!
Your body is wracked with pain!
There is a staircase leading out of the dungeon, spattered with blood here.
You see here a wyvern corpse.
Unknown command.
Casting: Foxfire (safe; 1% risk of failure)
Confirm with . or Enter, or press ? or * to list all spells.
You conjure some foxfire!
The foxfire hits Menkaure.
Menkaure is burned terribly!
Menkaure explodes!
The fiery explosion engulfs your foxfire.
Your foxfire completely resists.
The fiery explosion engulfs you!!!
Ouch! That really hurt!
You die...

##≈≈#+++#+++##
#≈≈≈.........#
#≈≈≈≈.##'##..#
#≈≈≈≈##.#.##
#≈≈≈ #..#..#
#≈≈# ##...####
#≈##.
##§###.## #
#.B.##§##.#.#
#+v@.'###+
#.B$##.##.#.#
##. #+###.## #
###


There were no monsters in sight!

Vanquished Creatures
  2 wyverns (D)
  Menkaure (D)
  4 necrophages (D)
7 creatures vanquished.

Vanquished Creatures (others)
  A water moccasin (D)
  8 foxfires (D)
9 creatures vanquished.

Grand Total: 16 creatures vanquished

Notes
Turn   | Place    | Note
-------+----------+-------------------------------------------
     0 | D        | Conn the Octopode Fire Elementalist began the quest for the
                  | Orb.
     0 | D        | Reached XP level 1. HP: 11/11 MP: 3/3
     1 | D        | Noticed a necrophage
     1 | D        | Noticed a necrophage
     1 | D        | Noticed a necrophage
     1 | D        | Noticed a necrophage
     6 | D        | Killed a necrophage
     7 | D        | Reached skill level 7 in Fire Magic
     7 | D        | Reached XP level 2. HP: 17/17 MP: 4/6
     7 | D        | Reached XP level 3. HP: 21/21 MP: 4/7
     7 | D        | Reached XP level 4. HP: 27/27 MP: 4/8
    11 | D        | Killed a necrophage
    12 | D        | Reached skill level 9 in Fire Magic
    12 | D        | Reached XP level 5. HP: 31/31 MP: 4/10
    19 | D        | Killed a necrophage
    20 | D        | Reached skill level 5 in Stealth
    20 | D        | Reached skill level 10 in Fire Magic
    20 | D        | Reached XP level 6. HP: 36/36 MP: 4/12
    23 | D        | Killed a necrophage
    32 | D        | Learned a level 3 spell: Conjure Flame
    36 | D        | Learned a level 3 spell: Inner Flame
    41 | D        | Learned a level 4 spell: Flame Wave
    45 | D        | Noticed a boulder beetle
    45 | D        | Noticed a boulder beetle
    49 | D        | Noticed a wyvern
    49 | D        | Noticed a wyvern
    57 | D        | Killed a wyvern
    58 | D        | Reached skill level 5 in Spellcasting
    58 | D        | Reached skill level 5 in Conjurations
    58 | D        | Reached skill level 11 in Fire Magic
    58 | D        | Reached XP level 7. HP: 25/41 MP: 2/14
    61 | D        | Killed a wyvern
    62 | D        | Reached skill level 12 in Fire Magic
    98 | D        | Noticed an ice statue
   100 | D        | Noticed Menkaure
   111 | D        | Killed Menkaure
   111 | D        | Killed by an exploding Menkaure... ignited by their inner
                  | flame

Illustrated notes

Levels and vault maps discovered:
D:        the_violet_keep_of_menkaure [sprint2_stairs_cluster_1,
          sprint2_shoproom, sprint2_temple, sprint2_basic_supplies,
          sprint2_obstacle_7, sprint2_obstacle_3, sprint2_obstacle_2,
          sprint2_obstacle_6, sprint2_obstacle_5, sprint2_timed_cluster_1,
          sprint2_smallroom_cluster_1, sprint2_smallroom_final_cluster_1,
          sprint2_transparent_cluster_1, sprint2_second_timed_cluster_1,
          sprint2_sniper_area_1, sprint2_heavy_combat_area_1,
          sprint2_mutation_trap_area_1, sprint2_forest_area_1,
          sprint2_light_combat_area_1, sprint2_behind_water_1,
          sprint2_near_end_vault_1]

Skill      XL: |  1  2  3  4  5  6  7 |
---------------+----------------------+-----
Stealth        | 3 4 5 6 |  6.0
Spellcasting   | 3 4 5 |  5.3
Conjurations   | 3 4 5 |  5.7
Fire Magic     | 7 9 10 11 12 | 12.4
Dodging        | 3 4 |  4.4
Hexes          | |  0.1

Action                   |  1- 3 |  4- 6 |  7- 9 || total
-------------------------+-------+-------+-------++-------
Melee: Unarmed           |     3 |    15 |     1 ||    19
       Tentacles         |     3 |     3 |       ||     6
       Constrict         |     1 |     2 |       ||     3
 Cast: Foxfire           |       |     1 |     5 ||     6
       Inner Flame       |       |     1 |     1 ||     2
       Conjure Flame     |       |     1 |       ||     1
  Use: Potion            |     2 |       |       ||     2
Dodge: Dodged            |     2 |     4 |     2 ||     8

Table legend: (Time is in decaauts)
 A = Elapsed time spent in this place.
 B = Non-inter-level travel time spent in this place.
 C = Inter-level travel time spent in this place.
 D = Time resting spent in this place.
 E = Time spent auto-exploring this place.
 F = Levels seen in this place.
 G = Mean time per level.
                   A        B        C        D        E       F      G
               +--------+--------+--------+--------+--------+-----+--------+
         Total |    102 |    102 |      0 |      0 |      0 |   1 |  102.0 |
       Dungeon |    102 |    102 |      0 |      0 |      0 |   1 |  102.0 |
               +--------+--------+--------+--------+--------+-----+--------+

Top non-repeatable levels by time:
       D: 102 daAuts
